 Dungeon Crawl Stone Soup version 0.31-a0-590-g8a5a4361df (webtiles) character file.

Game seed: 3301891156175319909

15 thirtiethelement the Trooper (level 2, -3/24 HPs)
             Began as a Demonspawn Cinder Acolyte on Aug 20, 2023.
             Was a High Priest of Ignis.
             Slain by a gnoll
             ... wielding a +0 whip
              (5 damage)
             ... on level 1 of the Dungeon.
             The game lasted 00:01:00 (251 turns).

thirtiethelement the Trooper (DsCA)                  Turns: 251, Time: 00:01:01

Health: -3/24      AC:  2    Str: 14    XL:     2   Next: 34%
Magic:  1/3        EV: 11    Int: 15    God:    Ignis [*****.]
Gold:   38         SH:  0    Dex:  8    Spells: 1/3 levels left

rFire   + . .        a - -1 falchion (flame)
rCold   . . .        (no shield)
rNeg    . . .        b - +0 robe
rPois   .            (no helmet)
rElec   .            (no cloak)
rCorr   .            (no gloves)
SInv    .            (no boots)
Will    .....        (no amulet)
Stlth   +            (no ring)
HPRegen 0.24/turn    (no ring)
MPRegen 0.16/turn

%: no passive effects
@: no status effects
A: magic regeneration
a: Renounce Religion, Fiery Armour, Foxfire Swarm, Rising Flame


You were on level 1 of the Dungeon.
You worshipped Ignis.
Ignis was extremely pleased with you.
You visited 1 branch of the dungeon, and saw 1 of its levels.

You collected 38 gold pieces.

Inventory:

Hand Weapons
 a - a -1 falchion of flaming (weapon)
 d - a +0 dagger of venom
Armour
 b - a +0 robe (worn)
Potions
 c - a potion of invisibility {unknown}


   Skills:
 + Level 3.4 Fighting
 + Level 2.8 Long Blades
 + Level 0.1 Dodging
 + Level 1.0 Spellcasting
 + Level 2.8 Fire Magic


You had one spell level left.
You knew the following spells:

 Your Spells              Type           Power      Damage    Failure   Level
a - Scorch                Fire           18%        2d5       12%         2

Your spell library contained the following spells:

 Spells                   Type           Power      Damage    Failure   Level


Dungeon Overview and Level Annotations

Branches:
Dungeon (1/15)

Altars:


Innate Abilities, Weirdness & Mutations

You regenerate magic rapidly.


Message History

Magic restored.
An endoplasm comes into view.
The endoplasm quivers.
The endoplasm jiggles.
Casting: Scorch (safe; 12% risk of failure)
Confirm with . or Enter, or press ? or * to list all spells.
Flames lash the endoplasm.
You kill the endoplasm!
You now have 38 gold pieces (gained 10).
A bat comes into view.
The bat hits you but does no damage.
Casting: Scorch (safe; 12% risk of failure)
Confirm with . or Enter, or press ? or * to list all spells.
Flames lash the bat.
You kill the bat!
You hear a shout!
A gnoll comes into view. It is wielding a +0 whip.
Found 10 gold pieces.
Found a scroll labelled FONANN JIBBU.
A goblin comes into view. It is wielding a +0 club.
You completely miss the gnoll.
The goblin shouts!
The gnoll hits you with a +0 whip.
An endoplasm comes into view.
Casting: Scorch (safe; 12% risk of failure)
Confirm with . or Enter, or press ? or * to list all spells.
Flames lash the goblin.
You kill the goblin!
The endoplasm quivers.
The gnoll hits you with a +0 whip! The gnoll attacks as you move away!
The gnoll barely misses you. The gnoll attacks as you move away!
The gnoll hits you with a +0 whip.
* * * LOW HITPOINT WARNING * * *
You hit the gnoll. You burn the gnoll.
The gnoll is heavily wounded.
The gnoll hits you with a +0 whip.
* * * LOW HITPOINT WARNING * * *
Okay, then.
The gnoll attacks as you move away! The gnoll hits you with a +0 whip.
You die...

##...>.......#
...........>..
####...........#
..#...........#
#.#.###........ #####
###.#.###........ ...#
#..........##†...
#.#####.#.######.##....
####....g@.#........##....
#....J#########.########'#
#.....# # #.# #.# #.....#
###.###.# #.....#
+..<..+.. ..).....#
######.##### .........##
#............ .........#
####.#####.## ....$....#
##.#####.##


You could see a gnoll and an endoplasm.

Vanquished Creatures
  A dart slug (D:1)
  An endoplasm (D:1)
  2 goblins (D:1)
  2 hobgoblins (D:1)
  2 ball pythons (D:1)
  3 bats (D:1)
11 creatures vanquished.

Notes
Turn   | Place    | Note
-------+----------+-------------------------------------------
     0 | D:1      | thirtiethelement the Demonspawn Cinder Acolyte began the
                  | quest for the Orb.
     0 | D:1      | Reached XP level 1. HP: 18/18 MP: 2/2
   125 | D:1      | Gained mutation: You regenerate magic rapidly. [demonic
                  | ancestry]
   125 | D:1      | Reached XP level 2. HP: 19/24 MP: 3/3
   131 | D:1      | Learned a level 2 spell: Scorch
   249 | D:1      | HP: 1/24 [gnoll/+0 whip (6)]
   251 | D:1      | Slain by a gnoll

Illustrated notes

Levels and vault maps discovered:
D:1:      shiori_shiawase, layout_basic, hellmonk_ecumenical_altar_blasted

Action                     || total
---------------------------++-------
  Melee: Falchion          ||    32
         Punch             ||     2
   Cast: Scorch            ||     3
 Armour: Robe              ||     9
  Dodge: Dodged            ||    38

Table legend: (Time is in decaauts)
 A = Elapsed time spent in this place.
 B = Non-inter-level travel time spent in this place.
 C = Inter-level travel time spent in this place.
 D = Time resting spent in this place.
 E = Time spent auto-exploring this place.
 F = Levels seen in this place.
 G = Mean time per level.
                   A        B        C        D        E       F      G
               +--------+--------+--------+--------+--------+-----+--------+
         Total |    256 |    256 |      0 |     40 |    126 |   1 |  256.0 |
       Dungeon |    256 |    256 |      0 |     40 |    126 |   1 |  256.0 |
               +--------+--------+--------+--------+--------+-----+--------+

Top non-repeatable levels by time:
     D:1: 256 daAuts
